 Dungeon Sprint DCSS version 0.19.3-4-gbf9329e (webtiles) character file.

490 Kagutsuchi the Fighter (level 6, -1/66 HPs)
             Began as a Draconian Berserker on Jan 28, 2017.
             Was a Believer of Trog.
             Slain by a neqoxec (11 damage)
             ... in the Dungeon (Sprint II: "The Violet Keep of Menkaure").
             The game lasted 00:00:56 (183 turns).

Kagutsuchi the Fighter (Draconian Berserker)         Turns: 183, Time: 00:00:57

Health: -1/66      AC:  6    Str: 20      XL:     6   Next: 90%
Magic:  6/6        EV: 15    Int:  3 (7)  God:    Trog [**....]
Gold:   0          SH:  0    Dex: 10      Spells: 0 memorised, 5 levels left

rFire  . . .     SeeInvis .     a - +0 falchion
rCold  . . .     Gourm    .     (armour unavailable)
rNeg   . . .     Faith    .     (no shield)
rPois  .         Spirit   .     (helmet restricted)
rElec  .         Reflect  .     (no cloak)
rCorr  .         Harm     .     (no gloves)
MR     .....     NoTele   +     (no boots)
Stlth  +.........               (no amulet)
                                (no ring)
                                (no ring)

@: exhausted, slowed, very slow
A: unfitting armour, blurry vision 1, clumsy 1, sense surroundings 1,
cold-blooded, AC +6
a: Berserk, Trog's Hand, Burn Spellbooks, Renounce Religion


You were in the Dungeon.
You worshipped Trog.
Trog was pleased with you.
You were not hungry.

You visited 1 branch

Inventory:

Hand Weapons
 a - a +0 falchion (weapon)
Scrolls
 h - a scroll of blinking
Potions
 c - a potion of curing
 e - a potion of haste
 f - 2 potions of magic
 g - a potion of berserk rage
Comestibles
 b - a bread ration


   Skills:
 + Level 10.0 Fighting
 + Level 9.2 Long Blades
 + Level 8.2 Dodging


You had 5 spell levels left.
You didn't know any spells.

Dungeon Overview and Level Annotations

Branches:
Dungeon (1/1)

Altars:


Innate Abilities, Weirdness & Mutations

Your plain brown scales are hard. (AC +6)
You cannot fit into any form of body armour.
You are cold-blooded and may be slowed by cold attacks.
Scrolls take you a little longer to read.
You are clumsy. (Dex -2)
You passively map a small area around you.


Message History

Something feeds on your intellect! The white imp misses you.
You riposte.
You hit the white imp but do no damage.
The white imp is lightly wounded.
You hit the neqoxec.
You tail-slap the neqoxec, but do no damage.
The neqoxec is severely wounded.
The neqoxec gestures.
The neqoxec hits you!
* * * LOW HITPOINT WARNING * * *
The orange crystal statue is engulfed in mutagenic fog.
The orange crystal statue glitters topaz in the dim dungeon light.
The neqoxec completely misses you.
You riposte.
You hit the neqoxec.
Your tail-slap misses the neqoxec.
The neqoxec is lightly wounded.
The ufetubus is engulfed in mutagenic fog.
The white imp hits you but does no damage.
You miss the neqoxec.
The neqoxec is severely wounded.
The neqoxec hits you!
You die...

## , , # * ,
∩ #.###+#
.##
,#.##.##.w.#
, *##†.<.+#
' , * , *
#.##.##.w$#
*#.# #'##
.## ,
######.##*#≈
, ≈ #..##5#
≈ ≈ #53@## ≈
≈ ##3## ≈ ≈
≈ ≈≈553 ≈≈
#§§5#5 ' ≈
**#§§§§ ≈ ≈
≈ ≈ #§§§§§
*≈≈ ≈
+§§§§§8 ≈ *≈
##§§§§§ ≈ *
≈ ≈ *


You could see an orange crystal statue, 2 neqoxecs, an iron imp, a crimson imp,
a white imp and 2 ufetubi.

Vanquished Creatures
  2 hippogriffs (D)
  A neqoxec (D)
3 creatures vanquished.

Vanquished Creatures (others)
  A tyrant leech (D)
  Menkaure (D)
  A crocodile (D)
3 creatures vanquished.

Grand Total: 6 creatures vanquished

Notes
Turn   | Place    | Note
-------+----------+-------------------------------------------
     0 | D        | Kagutsuchi the Draconian Berserker began the quest for the Orb.
     0 | D        | Reached XP level 1. HP: 19/19 MP: 1/1
     1 | D        | Noticed a tyrant leech
     1 | D        | Noticed a tyrant leech
     5 | D        | Noticed a hippogriff
     5 | D        | Noticed a hippogriff
    10 | D        | Killed a hippogriff
    10 | D        | Reached skill level 7 in Fighting
    10 | D        | Reached XP level 2. HP: 28/35 MP: 2/2
    10 | D        | Reached XP level 3. HP: 33/40 MP: 3/3
    10 | D        | Reached XP level 4. HP: 40/48 MP: 4/4
    10 | D        | Reached XP level 5. HP: 43/53 MP: 5/5
    13 | D        | Killed a hippogriff
    13 | D        | Reached skill level 9 in Fighting
    13 | D        | Reached XP level 6. HP: 51/64 MP: 6/6
    47 | D        | Killed Menkaure
   145 | D        | Killed a tyrant leech
   152 | D        | Noticed a neqoxec
   157 | D        | Killed a neqoxec
   157 | D        | Reached ** piety under Trog
   157 | D        | Reached skill level 10 in Fighting
   160 | D        | Noticed a neqoxec
   161 | D        | Noticed a neqoxec
   161 | D        | Noticed a neqoxec
   161 | D        | Noticed an orange crystal statue
   165 | D        | Gained mutation: You passively map a small area around you. [a neqoxec]
   168 | D        | Gained mutation: You are clumsy. (Dex -2) [a neqoxec]
   172 | D        | Gained mutation: Scrolls take you a little longer to read. [a neqoxec]
   183 | D        | Slain by a neqoxec

Skill      XL: |  1  2  3  4  5  6 |
---------------+-------------------+-----
Fighting       | 7 9 10 | 10.0
Long Blades    | 6 8 9 |  9.2
Dodging        | 6 7 8 |  8.2

Action                   |  1- 3 |  4- 6 || total
-------------------------+-------+-------++-------
Melee: Falchion          |     4 |    27 ||    31
       Tailslap          |     1 |     8 ||     9
Invok: Berserk           |     1 |     1 ||     2
  Use: Potion            |       |     1 ||     1
Armor: Skin              |       |     8 ||     8
Dodge: Dodged            |     3 |    24 ||    27
       Rpst.: Falchion   |     1 |     9 ||    10
